[Event "WYCC 2018 G18"]
[Site "Halkidiki"]
[Date "2018.10.28"]
[Round "9"]
[White "Dimitrova, Aleksandra"]
[Black "Chitlange Sakshi"]
[Result "1-0"]
[ECO "C06"]
[WhiteElo "2228"]
[BlackElo "2237"]
[Annotator "NA"]
[PlyCount "109"]
[EventDate "2018.10.20"]
[EventType "swiss"]
[EventCountry "GRE"]
[SourceTitle "playchess.com"]
[Source "ChessBase"]
[SourceQuality "1"]
[TimeControl "40/5400+30:1800+30"]

1. e4 e6 2. d4 d5 3. Nd2 Nf6 4. e5 Nfd7 5. Bd3 c5 6. c3 Nc6 7. Ne2 cxd4 8. cxd4 f6 9. exf6 Nxf6 10. Nf3 Bd6 11. O-O Qc7 12. Ng3 O-O 13. Bg5 Ng4 14. Rc1 g6 15. Bb1 Qg7 16. h3 Nf6 17. Qd2 Qc7 18. Bh6 Rf7 19. Qe3 Bd7 20. Rfe1 Qb6 21. b3 Re8 22. Ne5 Qxd4 23. Nxf7 Kxf7 24. Qxd4 Nxd4 25. Be3 Nc6 26. f4 e5 27. fxe5 Rxe5 28. Nf1 d4 29. Bd2 Rd5 30. Nh2 Ne5 31. Rf1 Bb5 32. Rf2 Nd3 33. Bxd3 Bxd3 34. Ng4 Rf5 35. Nh6+ Ke6 36. Nxf5 gxf5 37. Bf4 Bb4 38. Rd1 Be4 39. Rxd4 Bc5 40. Be3 Bxd4 41. Bxd4 a6 42. Bxf6 Kxf6 43. Kh2 Ke5 44. Kg3 Bd3 45. Rf4 Kf6 46. Rd4 Bb5 47. Kf4 Ke6 48. g3 Bf1 49. h4 Be2 50. Rd8 Bb5 51. Rh8 Bc6 52. Rxh7 Be4 53. Rh6+ Kf7 54. Rb6 Kg7 55. g4 1-0

[Event "WYCC 2018 G18"]
[Site "Halkidiki"]
[Date "2018.10.28"]
[Round "9"]
[White "Martynkova, Olena"]
[Black "Prakapuk, Vera"]
[Result "1-0"]
[ECO "E05"]
[WhiteElo "2188"]
[BlackElo "1949"]
[Annotator "NA"]
[PlyCount "103"]
[EventDate "2018.10.20"]
[EventType "swiss"]
[EventCountry "GRE"]
[SourceTitle "playchess.com"]
[Source "ChessBase"]
[SourceQuality "1"]
[TimeControl "40/5400+30:1800+30"]

1. d4 d5 2. c4 e6 3. Nf3 Nf6 4. g3 dxc4 5. Bg2 Be7 6. O-O O-O 7. Qc2 a6 8. a4 c6 9. Qxc4 b5 10. Qc2 Bb7 11. Nbd2 Nbd7 12. Nb3 Rc8 13. Nc5 Bxc5 14. dxc5 Qe7 15. b4 Nd5 16. Bd2 a5 17. Rfc1 Nxb4 18. Bxb4 axb4 19. Qb3 bxa4 20. Qxb4 Ba6 21. Rxa4 Bxe2 22. Nd4 Bb5 23. Ra7 Rfd8 24. Nxb5 cxb5 25. Qxb5 g6 26. c6 Qd6 27. c7 Rf8 28. Ra6 Qd2 29. Raa1 Nf6 30. Rd1 Qh6 31. Rac1 Ng4 32. h3 Nf6 33. h4 Ne8 34. Qb6 g5 35. hxg5 Qxg5 36. Bb7 Rxc7 37. Rxc7 Nxc7 38. Qxc7 h5 39. Rd4 Kg7 40. Bf3 e5 41. Rd5 Re8 42. Rd7 Qf5 43. Rxf7+ Qxf7 44. Qxf7+ Kxf7 45. Bxh5+ Ke7 46. Bxe8 Kxe8 47. Kg2 Kf7 48. Kf3 Ke6 49. Ke4 Kf6 50. g4 Kg5 51. Kxe5 Kxg4 52. f4 1-0

[Event "WYCC 2018 G18"]
[Site "Halkidiki"]
[Date "2018.10.28"]
[Round "9"]
[White "Radeva, Viktoria"]
[Black "Tarini Goyal"]
[Result "1/2-1/2"]
[ECO "B38"]
[WhiteElo "2163"]
[BlackElo "2026"]
[Annotator "NA"]
[PlyCount "67"]
[EventDate "2018.10.20"]
[EventType "swiss"]
[EventCountry "GRE"]
[SourceTitle "playchess.com"]
[Source "ChessBase"]
[SourceQuality "1"]
[TimeControl "40/5400+30:1800+30"]

1. e4 c5 2. Nf3 Nc6 3. d4 cxd4 4. Nxd4 g6 5. c4 Bg7 6. Be3 Nf6 7. Nc3 O-O 8. Be2 d6 9. O-O Bd7 10. Qd2 Nxd4 11. Bxd4 Bc6 12. f3 a5 13. b3 Nd7 14. Bxg7 Kxg7 15. f4 a4 16. Rab1 axb3 17. axb3 Qb6+ 18. Kh1 Qb4 19. f5 Ra3 20. Bd1 Ne5 21. Rf4 g5 22. Rf1 f6 23. Rc1 Rfa8 24. Qd4 Qc5 25. Qxc5 dxc5 26. Kg1 Ra1 27. Rxa1 Rxa1 28. Be2 Ra3 29. Rb1 Kf8 30. Kf2 Ke8 31. Ke3 Kd8 32. Kd2 Kc7 33. Kc2 Ra8 34. g3 1/2-1/2

[Event "WYCC 2018 G18"]
[Site "Halkidiki"]
[Date "2018.10.28"]
[Round "9"]
[White "Represa Perez, Mireya"]
[Black "Cosme Contreras, Trilce"]
[Result "0-1"]
[ECO "B53"]
[WhiteElo "2151"]
[BlackElo "1829"]
[Annotator "NA"]
[PlyCount "96"]
[EventDate "2018.10.20"]
[EventType "swiss"]
[EventCountry "GRE"]
[SourceTitle "playchess.com"]
[Source "ChessBase"]
[SourceQuality "1"]
[TimeControl "40/5400+30:1800+30"]

1. e4 c5 2. Nf3 d6 3. d4 cxd4 4. Qxd4 Nc6 5. Bb5 Bd7 6. Bxc6 bxc6 7. c4 c5 8. Qd3 g6 9. O-O Bg7 10. Rd1 Qc7 11. Nc3 Nf6 12. Bf4 Qb7 13. Rd2 O-O 14. h3 Bc6 15. Re1 h6 16. Nd5 Bxd5 17. exd5 Rad8 18. Qe3 Kh7 19. Qxe7 Rd7 20. Qe2 Re8 21. Qd1 Rxe1+ 22. Qxe1 Nh5 23. Bh2 Bxb2 24. g4 Ng7 25. Qb1 Be5 26. Qd3 Bxh2+ 27. Kxh2 Rd8 28. Re2 Qd7 29. Nd2 f5 30. g5 Re8 31. gxh6 Kxh6 32. Nf3 Rxe2 33. Qxe2 f4 34. Nh4 g5 35. Ng2 Qe8 36. Qg4 Qe5 37. Qf3 Nf5 38. Kg1 Nd4 39. Qg4 Qe4 40. Kf1 Qd3+ 41. Kg1 Nf3+ 42. Qxf3 Qxf3 43. h4 g4 44. Ne1 Qh3 45. Ng2 f3 46. Ne3 Kg6 47. a4 a5 48. h5+ Kxh5 0-1

[Event "WYCC 2018 G18"]
[Site "Halkidiki"]
[Date "2018.10.28"]
[Round "9"]
[White "Rozman, Monika"]
[Black "Belluire, Beatrice"]
[Result "1-0"]
[ECO "C07"]
[WhiteElo "2141"]
[BlackElo "1931"]
[Annotator "NA"]
[PlyCount "109"]
[EventDate "2018.10.20"]
[EventType "swiss"]
[EventCountry "GRE"]
[SourceTitle "playchess.com"]
[Source "ChessBase"]
[SourceQuality "1"]
[TimeControl "40/5400+30:1800+30"]

1. e4 e6 2. d4 d5 3. Nd2 c5 4. exd5 Qxd5 5. Ngf3 cxd4 6. Bc4 Qd7 7. O-O Nc6 8. Nb3 Nf6 9. Nbxd4 Nxd4 10. Nxd4 a6 11. Re1 Qc7 12. Bf1 Bd6 13. Nf5 Bxh2+ 14. Kh1 Kf8 15. Qd4 exf5 16. Qxf6 h5 17. Qd4 Bd6 18. Bg5 Be6 19. Rad1 Be7 20. Bxe7+ Qxe7 21. Bc4 Rh6 22. Re3 Re8 23. Bb3 Qf6 24. Qb4+ Qe7 25. Qd4 Qf6 26. Qb4+ Qe7 27. Qd4 Rg6 28. Rde1 Rg4 29. Qe5 Qh4+ 30. Kg1 Qg5 31. Bd5 f4 32. Qd6+ Qe7 33. Qxe7+ Rxe7 34. Re5 Rg6 35. Rxh5 Ke8 36. Rh8+ Kd7 37. Bxb7 Bxa2 38. Rxe7+ Kxe7 39. b3 Rb6 40. Be4 Bxb3 41. cxb3 Rxb3 42. Ra8 Ra3 43. Kh2 Ra2 44. f3 g6 45. Bd5 Ra1 46. Ra7+ Kd6 47. Bxf7 g5 48. Bc4 a5 49. Rg7 Kc5 50. Bg8 Kd4 51. Rxg5 Ke3 52. Re5+ Kf2 53. Bc4 Rc1 54. Re2+ Kf1 55. Rc2+ 1-0

[Event "WYCC 2018 G18"]
[Site "Halkidiki"]
[Date "2018.10.28"]
[Round "9"]
[White "Egyed, Judit"]
[Black "Dong, Khanh Linh"]
[Result "0-1"]
[ECO "C00"]
[WhiteElo "2089"]
[BlackElo "1879"]
[Annotator "NA"]
[PlyCount "80"]
[EventDate "2018.10.20"]
[EventType "swiss"]
[EventCountry "GRE"]
[SourceTitle "playchess.com"]
[Source "ChessBase"]
[SourceQuality "1"]
[TimeControl "40/5400+30:1800+30"]

1. e4 e6 2. Qe2 Nf6 3. g3 d5 4. d3 dxe4 5. dxe4 Bd7 6. Bg2 Bc6 7. Nd2 Bc5 8. Nb3 Nbd7 9. Bd2 Qe7 10. Na5 Qd6 11. O-O-O e5 12. Kb1 O-O 13. g4 b6 14. Bc3 Qe6 15. Nxc6 Qxc6 16. g5 Ne8 17. f4 Nd6 18. Be1 Rad8 19. Bh4 g6 20. Bg3 Qa4 21. Nh3 Nb5 22. Bf2 Qb4 23. Rd3 Bxf2 24. Nxf2 Nc5 25. Rh3 Na4 26. Rb3 Nbc3+ 27. bxc3 Nxc3+ 28. Kb2 Qxb3+ 29. axb3 Nxe2 30. fxe5 Rd2 31. Rf1 Nf4 32. Bh1 c5 33. Ng4 Ne6 34. Kc3 Rd4 35. h4 b5 36. Rf2 a5 37. Bf3 a4 38. Nf6+ Kh8 39. Rh2 a3 40. Bg4 b4# 0-1

[Event "WYCC 2018 G18"]
[Site "Halkidiki"]
[Date "2018.10.28"]
[Round "9"]
[White "Janiashvili, Mariami"]
[Black "Kieu, Bich Thuy"]
[Result "1-0"]
[ECO "B09"]
[WhiteElo "2081"]
[BlackElo "1913"]
[Annotator "NA"]
[PlyCount "151"]
[EventDate "2018.10.20"]
[EventType "swiss"]
[EventCountry "GRE"]
[SourceTitle "playchess.com"]
[Source "ChessBase"]
[SourceQuality "1"]
[TimeControl "40/5400+30:1800+30"]

1. e4 g6 2. d4 Bg7 3. Nc3 d6 4. f4 Nf6 5. Nf3 O-O 6. Bd3 Na6 7. O-O c5 8. d5 Bg4 9. a3 Nc7 10. h3 Bxf3 11. Qxf3 e6 12. f5 exd5 13. exd5 Nd7 14. Qg3 Ne5 15. Bg5 f6 16. Bd2 g5 17. h4 h6 18. Be2 Qd7 19. a4 Rae8 20. Rae1 Nf7 21. hxg5 hxg5 22. Bh5 Rxe1 23. Bxe1 Re8 24. Bg6 Re5 25. Qf3 Re7 26. Qh5 Nh6 27. Bd2 Re5 28. Qf3 Nf7 29. Kf2 Qe7 30. Rh1 Nh6 31. Rh5 Nf7 32. Rh1 Nh6 33. g4 Nf7 34. Rd1 Nh6 35. Bc1 Bf8 36. b3 Bg7 37. Rd3 Na6 38. Bh5 Nb4 39. Rd2 Re1 40. Ne2 Rxc1 41. Nxc1 Qe5 42. Re2 Qd4+ 43. Kg2 Nxd5 44. Nd3 Bf8 45. Qe4 Qxe4+ 46. Rxe4 Nc7 47. c4 Nf7 48. Bxf7+ Kxf7 49. Kf3 d5 50. cxd5 Nxd5 51. Rc4 b6 52. Ke4 Nc7 53. b4 Na6 54. bxc5 Nxc5+ 55. Nxc5 Bxc5 56. Kd5 Ke7 57. Kc6 Bf2 58. Rc2 Bg1 59. Rg2 Bc5 60. Rh2 a5 61. Rh7+ Kd8 62. Rb7 Ke8 63. Rxb6 Bxb6 64. Kxb6 Kd7 65. Kxa5 Kd6 66. Kb4 Ke5 67. Kc5 Kf4 68. Kd4 Kxg4 69. Ke4 Kh3 70. a5 g4 71. a6 g3 72. a7 g2 73. a8=Q g1=Q 74. Qh8+ Kg2 75. Qg7+ Kf2 76. Qxg1+ 1-0

[Event "WYCC 2018 G18"]
[Site "Halkidiki"]
[Date "2018.10.28"]
[Round "9"]
[White "Limanovska, Elizabete"]
[Black "Nguyen, Hong Ngoc"]
[Result "1/2-1/2"]
[ECO "C10"]
[WhiteElo "2072"]
[BlackElo "1861"]
[Annotator "NA RC"]
[PlyCount "65"]
[EventDate "2018.10.20"]
[EventType "swiss"]
[EventCountry "GRE"]
[SourceTitle "playchess.com"]
[Source "ChessBase"]
[SourceQuality "1"]
[TimeControl "40/5400+30:1800+30"]

1. e4 e6 2. d4 d5 3. Nd2 dxe4 4. Nxe4 Nd7 5. Nf3 Ngf6 6. Nxf6+ Qxf6 7. Bg5 Qf5 8. Bd3 Qa5+ 9. c3 Bd6 10. O-O c6 11. Re1 h6 12. Bh4 Nf6 13. Ne5 Qc7 14. Qf3 Be7 15. Rad1 Bd7 16. c4 Rf8 17. d5 O-O-O 18. Nxd7 Rxd7 19. Bxf6 Bxf6 20. dxc6 Qxc6 21. Be4 Rxd1 22. Rxd1 Qc7 23. g3 Rd8 24. Rxd8+ Bxd8 25. b4 f5 26. Bd3 Qe5 27. Kg2 Qd4 28. Qe2 Kd7 29. a3 a5 30. Bc2 axb4 31. axb4 Bc7 32. Ba4+ {[%emt 0:04:27] €} Ke7 33. Bc2 1/2-1/2

[Event "WYCC 2018 G18"]
[Site "Halkidiki"]
[Date "2018.10.28"]
[Round "9"]
[White "Vanduyfhuys, Daria"]
[Black "Martos Amiguet, Valentina"]
[Result "1-0"]
[ECO "D43"]
[WhiteElo "2058"]
[BlackElo "1775"]
[Annotator "NA"]
[PlyCount "131"]
[EventDate "2018.10.20"]
[EventType "swiss"]
[EventCountry "GRE"]
[SourceTitle "playchess.com"]
[Source "ChessBase"]
[SourceQuality "1"]
[TimeControl "40/5400+30:1800+30"]

1. d4 d5 2. c4 c6 3. Nc3 Nf6 4. Nf3 e6 5. Bg5 h6 6. Bxf6 Qxf6 7. e3 g6 8. Rc1 Bg7 9. Bd3 O-O 10. O-O Nd7 11. e4 dxc4 12. Bxc4 b5 13. Bd3 Bb7 14. e5 Qe7 15. Ne4 Rad8 16. Nd6 Ba8 17. Be4 c5 18. Bxa8 Rxa8 19. Qe2 cxd4 20. Nxb5 d3 21. Qe3 Qb4 22. a4 a6 23. Nc7 Rac8 24. Nxa6 Qxa4 25. Qxd3 Nxe5 26. Nxe5 Bxe5 27. b4 Ra8 28. b5 Qa5 29. Qe2 Bg7 30. g3 Rfd8 31. Rfd1 Qb6 32. Qf3 Bd4 33. Rc7 Rf8 34. Rb7 Qd8 35. Kg2 e5 36. Rc1 Rc8 37. Rc6 Qe8 38. Qd5 Kh8 39. Rxc8 Qxc8 40. Rxf7 Rxf7 41. Qxf7 Qa8+ 42. Kg1 Qe4 43. Nc7 Qe1+ 44. Kg2 Qe4+ 45. Qf3 Qf5 46. Qxf5 gxf5 47. Nd5 Kg7 48. b6 Kf7 49. b7 Ba7 50. Nb4 Bb8 51. Nc6 Bc7 52. b8=Q Bxb8 53. Nxb8 Kg6 54. Nc6 e4 55. Nd4 Kg5 56. Ne6+ Kg6 57. f3 exf3+ 58. Kxf3 Kf6 59. Nd4 Kg5 60. h4+ Kg6 61. Kf4 Kf6 62. Nxf5 Kg6 63. g4 h5 64. g5 Kh7 65. Ke5 Kg6 66. Ng3 1-0

[Event "WYCC 2018 G18"]
[Site "Halkidiki"]
[Date "2018.10.28"]
[Round "9"]
[White "Cvitan, Ena"]
[Black "Afonasieva, Anna"]
[Result "0-1"]
[ECO "D00"]
[WhiteElo "2034"]
[BlackElo "2245"]
[Annotator "NA"]
[PlyCount "80"]
[EventDate "2018.10.20"]
[EventType "swiss"]
[EventCountry "GRE"]
[SourceTitle "playchess.com"]
[Source "ChessBase"]
[SourceQuality "1"]
[TimeControl "40/5400+30:1800+30"]

1. d4 d5 2. Bf4 Nf6 3. e3 c5 4. c3 Nc6 5. Nd2 g6 6. Ngf3 Bg7 7. h3 O-O 8. Be2 b6 9. O-O Bb7 10. Re1 Nd7 11. a4 Re8 12. Qb3 e6 13. Rad1 Qe7 14. Qa2 Rad8 15. Bc7 Rc8 16. Bg3 c4 17. Bf1 f5 18. b3 cxb3 19. Nxb3 Nf6 20. Bh4 Qd7 21. Bxf6 Bxf6 22. a5 g5 23. a6 Ba8 24. Bb5 Qg7 25. Qa4 g4 26. hxg4 fxg4 27. Ne5 Bxe5 28. dxe5 Rf8 29. Nd4 g3 30. fxg3 Qxg3 31. Re2 Nxe5 32. Bd7 Rc4 33. Bxe6+ Kg7 34. Qa3 Rxd4 35. Qe7+ Rf7 36. Qxf7+ Nxf7 37. Rxd4 Ne5 38. Rf2 Qxe3 39. Rdd2 Nd3 40. Rde2 Qc5 0-1

[Event "WYCC 2018 G18"]
[Site "Halkidiki"]
[Date "2018.10.28"]
[Round "9"]
[White "Bauyrzhan, Arnash"]
[Black "Tsivelekidou, Evgenia"]
[Result "1/2-1/2"]
[ECO "C55"]
[WhiteElo "2011"]
[BlackElo "1891"]
[Annotator "NA"]
[PlyCount "121"]
[EventDate "2018.10.20"]
[EventType "swiss"]
[EventCountry "GRE"]
[SourceTitle "playchess.com"]
[Source "ChessBase"]
[SourceQuality "1"]
[TimeControl "40/5400+30:1800+30"]

1. e4 e5 2. Nf3 Nc6 3. Bc4 Nf6 4. d3 Be7 5. O-O O-O 6. h3 d6 7. a4 Be6 8. Nbd2 Qd7 9. Bxe6 fxe6 10. Nc4 Rae8 11. c3 a5 12. Bd2 Bd8 13. Qe2 Qf7 14. b4 b6 15. bxa5 Nxa5 16. Nxa5 bxa5 17. d4 exd4 18. cxd4 Nh5 19. Ra3 Nf4 20. Bxf4 Qxf4 21. Nd2 d5 22. Rf3 Qd6 23. Rxf8+ Rxf8 24. Nb3 e5 25. Rd1 dxe4 26. dxe5 Qxe5 27. Qc4+ Kh8 28. Nc5 Re8 29. Nxe4 h6 30. Ng3 Be7 31. Rd7 Bd6 32. Rf7 Qe1+ 33. Kh2 Qe6 34. Qxe6 Rxe6 35. Rf3 Re4 36. Ra3 Rd4 37. Ra1 Kg8 38. Kg1 Bxg3 39. fxg3 Rc4 40. Ra2 Kf7 41. Kf2 Ke6 42. Ke3 Ke5 43. Kd3 Kd5 44. g4 Rb4 45. Kc3 c5 46. Rd2+ Rd4 47. Ra2 c4 48. Rb2 Rd3+ 49. Kc2 Rg3 50. Rb5+ Kd4 51. Rxa5 Rxg2+ 52. Kb1 Rg3 53. Ra7 g5 54. a5 Rxh3 55. Ra8 Ra3 56. Kb2 Ra4 57. a6 Kc5 58. a7 Kb6 59. Kc3 Kb7 60. Rh8 Kxa7 61. Rxh6 1/2-1/2

[Event "WYCC 2018 G18"]
[Site "Halkidiki"]
[Date "2018.10.28"]
[Round "9"]
[White "Li, Yilin"]
[Black "Salimova, Asal"]
[Result "1/2-1/2"]
[ECO "B06"]
[WhiteElo "1993"]
[BlackElo "1870"]
[Annotator "NA"]
[PlyCount "88"]
[EventDate "2018.10.20"]
[EventType "swiss"]
[EventCountry "GRE"]
[SourceTitle "playchess.com"]
[Source "ChessBase"]
[SourceQuality "1"]
[TimeControl "40/5400+30:1800+30"]

1. e4 g6 2. d4 Bg7 3. c4 d6 4. Nc3 e5 5. Nf3 Nd7 6. Be2 Ne7 7. O-O O-O 8. Rb1 a6 9. Be3 h6 10. Qd2 Kh7 11. dxe5 dxe5 12. Ne1 f5 13. f3 f4 14. Bf2 Nf6 15. Nd3 Be6 16. b3 g5 17. Rfd1 Ng6 18. Qc2 Qc8 19. Nc5 g4 20. Nd5 Rf7 21. Nxf6+ Bxf6 22. Nxe6 Qxe6 23. fxg4 Bh4 24. Rd3 Bxf2+ 25. Kxf2 Raf8 26. Ke1 Qe7 27. Kd2 Qc5 28. Bf3 Ne7 29. b4 Qf2+ 30. Kc1 Qg1+ 31. Kb2 Qb6 32. Ka1 Nc6 33. c5 Qa7 34. Qc3 Qa8 35. Bd1 Nd4 36. Bb3 Rg7 37. h3 Qe8 38. Rbd1 Re7 39. R1d2 Qg6 40. Rxd4 exd4 41. Qxd4 Qf6 42. Bd1 Kg7 43. Bf3 c6 44. Kb2 Rff7 1/2-1/2

[Event "WYCC 2018 G18"]
[Site "Halkidiki"]
[Date "2018.10.28"]
[Round "9"]
[White "Hamedi Nia, Vesal"]
[Black "Miller, Rachel"]
[Result "1-0"]
[ECO "A46"]
[WhiteElo "1987"]
[BlackElo "1859"]
[Annotator "NA"]
[PlyCount "101"]
[EventDate "2018.10.20"]
[EventType "swiss"]
[EventCountry "GRE"]
[SourceTitle "playchess.com"]
[Source "ChessBase"]
[SourceQuality "1"]
[TimeControl "40/5400+30:1800+30"]

1. d4 Nf6 2. Nf3 e6 3. c4 d5 4. e3 c5 5. Nc3 cxd4 6. Nxd4 a6 7. cxd5 Nxd5 8. Be2 Nxc3 9. bxc3 e5 10. Nf3 Qxd1+ 11. Bxd1 Nc6 12. Bb3 f6 13. O-O Bc5 14. Nd2 Bf5 15. e4 Bd7 16. Nc4 b5 17. Ne3 Ne7 18. Rd1 O-O-O 19. Nd5 Nxd5 20. Bxd5 Bc6 21. Be3 Bxd5 22. exd5 Bxe3 23. fxe3 Rd6 24. a4 Rhd8 25. e4 Kb7 26. axb5 axb5 27. Rdb1 f5 28. Rxb5+ Rb6 29. Rba5 fxe4 30. Ra7+ Kc8 31. Rxg7 Rb8 32. c4 e3 33. Re7 e2 34. Rxe5 Kd7 35. Rxe2 Kd6 36. Re6+ Kc5 37. Rc6+ Kd4 38. Rd1+ Kc3 39. d6 Rb2 40. d7 Kc2 41. Rcd6 Kc3 42. c5 h5 43. c6 Rg8 44. g3 h4 45. d8=Q h3 46. Qf6+ Kc4 47. Qxb2 Rxg3+ 48. hxg3 h2+ 49. Kxh2 Kc5 50. c7 Kc4 51. Rc1# 1-0

[Event "WYCC 2018 G18"]
[Site "Halkidiki"]
[Date "2018.10.28"]
[Round "9"]
[White "Nass, Sara"]
[Black "Ni Mhuireagain, Eibhia"]
[Result "1-0"]
[ECO "C88"]
[WhiteElo "1986"]
[BlackElo "1655"]
[Annotator "NA"]
[PlyCount "115"]
[EventDate "2018.10.20"]
[EventType "swiss"]
[EventCountry "GRE"]
[SourceTitle "playchess.com"]
[Source "ChessBase"]
[SourceQuality "1"]
[TimeControl "40/5400+30:1800+30"]

1. e4 e5 2. Nf3 Nc6 3. Bb5 a6 4. Ba4 Nf6 5. O-O Be7 6. Re1 b5 7. Bb3 d6 8. c3 Bg4 9. h3 Bxf3 10. Qxf3 O-O 11. d3 Na5 12. Bc2 c5 13. Nd2 Nd7 14. Nf1 Re8 15. Ne3 Bf8 16. Ng4 Qh4 17. Qf5 Qe7 18. Re3 g6 19. Rg3 Kh8 20. Qf3 Bg7 21. h4 Qxh4 22. Qxf7 Qe7 23. Qf3 Rf8 24. Qe2 Nf6 25. Bg5 Qe6 26. Bxf6 Bxf6 27. Ne3 Bh4 28. Rf3 Rxf3 29. gxf3 Rf8 30. Ng2 Qh3 31. Nxh4 Qxh4 32. Bd1 Qg5+ 33. Kf1 h5 34. Qe3 Qxe3 35. fxe3 h4 36. Kg2 g5 37. Be2 Nc6 38. Kh3 Kh7 39. Rf1 Nd8 40. f4 exf4 41. exf4 Ne6 42. fxg5 Nxg5+ 43. Kxh4 Rg8 44. Bh5 Ne6 45. Rf6 Ng7 46. Bg6+ Kh8 47. Bf7 Ne8 48. Bxe8 Rxe8 49. Rxd6 c4 50. Kg4 cxd3 51. Kf4 a5 52. Rxd3 b4 53. cxb4 axb4 54. Rb3 Ra8 55. Rxb4 Rxa2 56. Rb7 Kg8 57. Kf5 Kf8 58. e5 1-0

[Event "WYCC 2018 G18"]
[Site "Halkidiki"]
[Date "2018.10.28"]
[Round "9"]
[White "Caballero Quijano, Mitzy Mishell"]
[Black "Jie, Tianhui"]
[Result "1/2-1/2"]
[ECO "A46"]
[WhiteElo "1956"]
[BlackElo "1849"]
[Annotator "NA"]
[PlyCount "68"]
[EventDate "2018.10.20"]
[EventType "swiss"]
[EventCountry "GRE"]
[SourceTitle "playchess.com"]
[Source "ChessBase"]
[SourceQuality "1"]
[TimeControl "40/5400+30:1800+30"]

1. d4 Nf6 2. Nf3 e6 3. g3 b6 4. Bg2 Bb7 5. O-O c5 6. c4 cxd4 7. Nxd4 Bxg2 8. Kxg2 d5 9. Qa4+ Qd7 10. Nb5 Nc6 11. cxd5 exd5 12. Bf4 Rc8 13. Nc7+ Kd8 14. Rc1 Bd6 15. Nb5 Bxf4 16. Qxf4 Ke7 17. Qe3+ Kf8 18. Qa3+ Kg8 19. Nd2 g6 20. Nf3 Kg7 21. Nd6 Rc7 22. Rc2 Rd8 23. Nb5 Rcc8 24. Rac1 Na5 25. Ne5 Qf5 26. Rxc8 Rxc8 27. Nd6 Qxe5 28. Rxc8 g5 29. Rc3 Ne4 30. Nxe4 Qxe4+ 31. Kg1 Qb1+ 32. Kg2 Qe4+ 33. Kh3 g4+ 34. Kh4 Nc4 1/2-1/2

[Event "WYCC 2018 G18"]
[Site "Halkidiki"]
[Date "2018.10.28"]
[Round "9"]
[White "Sevilla, Julia"]
[Black "Tonso, Liina"]
[Result "1-0"]
[ECO "A52"]
[WhiteElo "1947"]
[BlackElo "1805"]
[Annotator "NA"]
[PlyCount "139"]
[EventDate "2018.10.20"]
[EventType "swiss"]
[EventCountry "GRE"]
[SourceTitle "playchess.com"]
[Source "ChessBase"]
[SourceQuality "1"]
[TimeControl "40/5400+30:1800+30"]

1. d4 Nf6 2. c4 e5 3. dxe5 Ng4 4. Nf3 Nc6 5. e3 Ngxe5 6. Nxe5 Nxe5 7. Be2 d6 8. O-O Be7 9. Nc3 c6 10. b3 O-O 11. Bb2 f5 12. Qd2 a6 13. Rfd1 Rf6 14. Na4 b5 15. Bxe5 Re6 16. c5 Rxe5 17. Nb6 Ra7 18. cxd6 Qxb6 19. dxe7 Raxe7 20. Qd8+ Qxd8 21. Rxd8+ Re8 22. Rad1 Kf7 23. Bf3 Rc5 24. Kf1 Rc2 25. R1d2 Rc1+ 26. Ke2 b4 27. R8d6 Bb7 28. R6d4 a5 29. Rd7+ Re7 30. Rxe7+ Kxe7 31. Kd3 Ba6+ 32. Kd4 Ke6 33. e4 c5+ 34. Ke3 Rc3+ 35. Kf4 fxe4 36. Bxe4 c4 37. Bxh7 cxb3 38. axb3 Bb7 39. Bf5+ Kf6 40. Rd6+ Ke7 41. Rd7+ Kf6 42. Rxb7 Rxb3 43. Ra7 Ra3 44. h4 b3 45. g4 Ra4+ 46. Ke3 Ra2 47. Ra6+ Ke7 48. Re6+ Kf7 49. g5 b2 50. Rb6 Ke7 51. Bb1 Ra4 52. Rxb2 Rxh4 53. Ra2 a4 54. Bc2 Rh5 55. g6 Rh3+ 56. Ke2 a3 57. Bd3 Rh5 58. Rxa3 Re5+ 59. Kf3 Rc5 60. Ra7+ Kf8 61. Rf7+ Kg8 62. Bf5 Re5 63. Kg4 Re1 64. f4 Rg1+ 65. Kf3 Re1 66. Bd7 Ra1 67. f5 Ra8 68. Be6 Kh8 69. Rc7 Rf8 70. Rc4 1-0

[Event "WYCC 2018 G18"]
[Site "Halkidiki"]
[Date "2018.10.28"]
[Round "9"]
[White "Golsta, Madara"]
[Black "Cibikova, Sofia Anna"]
[Result "1-0"]
[ECO "B24"]
[WhiteElo "1938"]
[BlackElo "1809"]
[Annotator "NA"]
[PlyCount "81"]
[EventDate "2018.10.20"]
[EventType "swiss"]
[EventCountry "GRE"]
[SourceTitle "playchess.com"]
[Source "ChessBase"]
[SourceQuality "1"]
[TimeControl "40/5400+30:1800+30"]

1. e4 c5 2. Nc3 Nc6 3. Bb5 Nd4 4. Bc4 e6 5. Nge2 Nf6 6. O-O a6 7. a4 Be7 8. d3 d5 9. exd5 exd5 10. Ba2 Nxe2+ 11. Qxe2 Be6 12. Bg5 O-O 13. f4 Qd7 14. Rae1 Rae8 15. Qf3 d4 16. Bxe6 fxe6 17. Bxf6 Bxf6 18. Ne4 Be7 19. Qg4 Rf7 20. b3 Qd5 21. Nd2 Rf6 22. Re5 Qc6 23. g3 Rg6 24. Qh5 Bd6 25. Rg5 Rxg5 26. Qxg5 h6 27. Qg6 Bc7 28. Ne4 Rf8 29. Re1 b6 30. Nd2 Rf6 31. Qg4 Qd5 32. Ne4 Rf7 33. Nf2 Qf5 34. Rxe6 Qxg4 35. Nxg4 Rd7 36. a5 bxa5 37. Rxa6 Re7 38. Kf1 h5 39. Nf2 Rf7 40. Ne4 h4 41. Ng5 1-0

[Event "WYCC 2018 G18"]
[Site "Halkidiki"]
[Date "2018.10.28"]
[Round "9"]
[White "Koehler, Inken"]
[Black "Priyanka, Kumari"]
[Result "0-1"]
[ECO "B51"]
[WhiteElo "1934"]
[BlackElo "2005"]
[Annotator "NA"]
[PlyCount "68"]
[EventDate "2018.10.20"]
[EventType "swiss"]
[EventCountry "GRE"]
[SourceTitle "playchess.com"]
[Source "ChessBase"]
[SourceQuality "1"]
[TimeControl "40/5400+30:1800+30"]

1. e4 c5 2. Nf3 d6 3. Bb5+ Nd7 4. O-O a6 5. Bd3 Ngf6 6. c3 e5 7. Bc2 g6 8. d4 Qc7 9. Re1 Bg7 10. dxe5 dxe5 11. a4 O-O 12. Na3 b6 13. Nc4 Bb7 14. Qd6 Qxd6 15. Nxd6 Bc6 16. Bb3 b5 17. axb5 axb5 18. Rxa8 Bxa8 19. Nxb5 Rb8 20. Bc4 Nxe4 21. Bd3 f5 22. Bc4+ Kh8 23. Ng5 Nxg5 24. Bxg5 Bc6 25. Nd6 h6 26. Bc1 Kh7 27. Rd1 e4 28. Be6 Ne5 29. Bc4 Ba4 30. Rd5 Nxc4 31. Nxc4 Bb3 32. Ne3 Bxd5 33. Nxd5 Ra8 34. Nf4 Rd8 0-1

[Event "WYCC 2018 G18"]
[Site "Halkidiki"]
[Date "2018.10.28"]
[Round "9"]
[White "Vlkova, Anezka"]
[Black "Greibrokk, Ingrid"]
[Result "1-0"]
[ECO "B23"]
[WhiteElo "1925"]
[BlackElo "2018"]
[Annotator "NA"]
[PlyCount "107"]
[EventDate "2018.10.20"]
[EventType "swiss"]
[EventCountry "GRE"]
[SourceTitle "playchess.com"]
[Source "ChessBase"]
[SourceQuality "1"]
[TimeControl "40/5400+30:1800+30"]

1. e4 c5 2. Nc3 d6 3. f4 Nc6 4. Nf3 e6 5. Bc4 Nge7 6. O-O g6 7. d4 cxd4 8. Nxd4 Bg7 9. Ndb5 O-O 10. Be3 d5 11. exd5 exd5 12. Bxd5 Nxd5 13. Nxd5 Bg4 14. Qxg4 Qxd5 15. Nc7 Qe4 16. Qf3 Qxf3 17. Rxf3 Rac8 18. Nd5 Rfd8 19. Rd1 Bxb2 20. c3 Ba3 21. Bf2 Ne7 22. Nf6+ Kg7 23. Nd7 Bc5 24. g4 Bxf2+ 25. Kxf2 Rc7 26. Rfd3 f5 27. g5 b6 28. Kf3 Rdc8 29. Re1 Ng8 30. Ree3 Rd8 31. Ne5 Rxd3 32. Rxd3 Ne7 33. Ke3 h6 34. h4 hxg5 35. hxg5 Nc6 36. Nxc6 Rxc6 37. Rd7+ Kf8 38. Kd4 a6 39. c4 b5 40. c5 Ke8 41. Rg7 Re6 42. Kd5 Re2 43. c6 Kd8 44. Kc5 Rxa2 45. Kb6 Rc2 46. Kb7 b4 47. c7+ Rxc7+ 48. Rxc7 a5 49. Rc8+ Kd7 50. Ra8 Kd6 51. Rxa5 b3 52. Rb5 b2 53. Rxb2 Kd5 54. Re2 1-0